 Dungeon Crawl Stone Soup version 0.28-a0-861-ge64d6db94f (webtiles) character file.

Game seed: 7633735567148249815

18 flotson the Sneak (level 2, -5/24 HPs)
             Began as a Demonspawn Delver on Nov 16, 2021.
             Killed by nerve-wracking pain
             ... invoked by Jessica
              (12 damage)
             ... on level 3 of the Dungeon.
             The game lasted 00:03:28 (1312 turns).

flotson the Sneak (Demonspawn Delver)               Turns: 1312, Time: 00:03:28

Health: -5/24      AC:  3    Str: 12    XL:     2   Next: 48%
Magic:  2/2        EV: 12    Int: 11    God:
Gold:   18         SH:  0    Dex: 20    Spells: 1/1 levels left

rFire   . . .      SeeInvis .   k - +0 mace
rCold   . . .      Faith    .   (no shield)
rNeg    . . .      Spirit   .   b - +0 leather armour
rPois   .          Reflect  .   (no helmet)
rElec   .          Harm     .   (no cloak)
rCorr   .          Rampage  .   (no gloves)
Will    .....                   (no boots)
Stlth   +++.......              (no amulet)
HPRegen 0.08/turn               j - +6 ring of dexterity
MPRegen 0.08/turn               (no ring)

@: slowed, very slow
A: weakness stinger 1
a: no special abilities


You were on level 3 of the Dungeon.
You visited 1 branch of the dungeon, and saw 3 of its levels.

You collected 18 gold pieces.

Inventory:

Hand Weapons
 a - a +0 hand axe
 k - a +0 mace (weapon)
Missiles
 i - 21 sling bullets
Armour
 b - a +0 leather armour (worn)
Jewellery
 j - a +6 ring of dexterity (left hand)
Wands
 g - a wand of digging (3)
Scrolls
 c - a scroll of fog
 d - a scroll of magic mapping
 l - a scroll of identify {unknown}
Potions
 e - 2 potions of cancellation {unknown}
 f - a potion of haste
 h - a potion of ambrosia {unknown}


   Skills:
 + Level 3.2 Fighting
 + Level 2.1 Axes
 + Level 0.8 Armour
 + Level 2.1 Dodging
 - Level 4.5 Stealth


You had one spell level left.
You didn't know any spells.
Your spell library was empty.

Dungeon Overview and Level Annotations

Branches:
Dungeon (5/15)
 Temple: D:4-7

Altars:

Annotations:
D:3 Jessica, Terence
D:4 Menkaure


Innate Abilities, Weirdness & Mutations

You have a small tail.


Message History

No target in view!
You see here a +0 leather armour.
There is a faded altar of an unknown god here.
l - a scroll labelled KYBBOJ SATU
Found 28 stones.
Found a leather armour.
Terence the Incautious comes into view.
He is wielding a +0 hand axe.
Found a stone staircase leading down.
A kobold and Jessica come into view.
Jessica shouts!
You hear a bark!
You start waiting.
Jessica is nearby!
Jessica gestures at you while chanting. Pain shoots through your body!
Jessica shouts, "You're disturbing me!
I'll have to kill you!" Jessica gestures at you while chanting.
You feel yourself slow down.
You hit Jessica.
Jessica is moderately wounded.
Jessica drinks a potion.
Jessica's spells are empowered!
Jessica hits you with a +0 dagger.
You are too injured to fight recklessly!
You are too injured to fight recklessly!
You are too injured to fight recklessly!
You are too injured to fight recklessly!
You are too injured to fight recklessly!
You are too injured to fight recklessly!
You closely miss Jessica.
Jessica is moderately wounded.
Jessica hits you with a +0 dagger. x2
* * * LOW HITPOINT WARNING * * *
You closely miss Jessica. You tail-slap Jessica.
Jessica is almost dead.
Jessica mumbles some strange words.
Jessica blinks!
Jessica grins evilly.
Jessica gestures at you while chanting. Pain shoots through your body!
Ouch! That really hurt!
You die...

#############
#....@......#
#.########@##
#.# #.# #.#
#.#######
############.##
#.#....K.
..............#
##.#......
..##########..##
#.@....... ..#
#...# #.........
### #.#.#
#.........


You could see Jessica (empowered).

Vanquished Creatures
  A white imp (D:5)
  A worm (D:4)
  An orc (D:4)
  A bat (D:3)
  2 goblins (D:4)
  2 kobolds (D:4)
8 creatures vanquished.

Vanquished Creatures (others)
  A butterfly (D:5)
1 creature vanquished.

Grand Total: 9 creatures vanquished

Notes
Turn   | Place    | Note
-------+----------+-------------------------------------------
     0 | D:5      | flotson the Demonspawn Delver began the quest for the Orb.
     0 | D:5      | Reached XP level 1. HP: 18/18 MP: 1/1
    21 | D:5      | Noticed an ice beast
   282 | D:5      | Noticed a jelly
   479 | D:4      | Gained mutation: You have a small tail. [demonic ancestry]
   479 | D:4      | Reached XP level 2. HP: 22/24 MP: 2/2
   512 | D:4      | HP: 1/24 [orc (6)]
   925 | D:4      | Noticed Menkaure
  1226 | D:3      | Found a faded altar of an unknown god.
  1267 | D:3      | Noticed Terence
  1276 | D:3      | Noticed Jessica
  1312 | D:3      | Killed from afar by Jessica

Illustrated notes

Levels and vault maps discovered:
D:3:      layout_basic, dreamdust_ecumenical_altar_statues,
          kennysheep_generic_room_13, uniq_jessica, uniq_terence
D:4:      layout_gridville, uniq_menkaure
D:5:      layout_basic, minmay_temple_entry_butterflies, serial_shops,
          nicolae_shop_window_shopping, lemuel_flame_loot_1

Skill      XL: |  1 |
---------------+----+-----
Axes           | 2 |  2.1
Dodging        | 2 |  2.1
Fighting       | |  3.2
Armour         | |  0.8
Stealth        | |  4.5

Action                   || total
-------------------------++-------
Melee: Hand axe          ||    26
       Mace              ||     5
       Tailslap          ||     4
  Use: Scroll            ||     1
 Stab: Sleeping          ||     2
Armor: Leather armour    ||     9
Dodge: Dodged            ||    11

Table legend: (Time is in decaauts)
 A = Elapsed time spent in this place.
 B = Non-inter-level travel time spent in this place.
 C = Inter-level travel time spent in this place.
 D = Time resting spent in this place.
 E = Time spent auto-exploring this place.
 F = Levels seen in this place.
 G = Mean time per level.
                   A        B        C        D        E       F      G
               +--------+--------+--------+--------+--------+-----+--------+
         Total |   1320 |   1277 |     43 |    278 |    553 |   3 |  440.0 |
       Dungeon |   1320 |   1277 |     43 |    278 |    553 |   3 |  440.0 |
               +--------+--------+--------+--------+--------+-----+--------+

Top non-repeatable levels by time:
     D:4: 751 daAuts
     D:5: 474 daAuts
     D:3: 94 daAuts
